 Dungeon Sprint DCSS version 0.17-a0-1570-g74b7129 (webtiles) character file.

0 nuthulu the Skirmisher (level 1, 0/18 (19) HPs)
             Began as a Draconian Berserker on July 23, 2015.
             Was a Follower of Trog.
             Slain by a necrophage (2 damage)
             ... in the Dungeon (Sprint VI: "Thunderdome").
             The game lasted 00:00:22 (34 turns).

nuthulu the Skirmisher (Draconian Berserker)          Turns: 34, Time: 00:00:23

HP:   0/18 (19)     AC:  4    Str: 19    XL:     1   Next: 8%
MP:   1/1           EV: 12    Int:  7    God:    Trog [*.....]
Gold: 80            SH:  0    Dex: 10    Spells: 0 memorised, 0 levels left

rFire  . . .     SeeInvis .     m - +0 broad axe
rCold  . . .     Clarity  .     (armour unavailable)
rNeg   . . .     SustAt   .     (no shield)
rPois  .         Gourm    .     (helmet restricted)
rElec  .         Spirit   .     (no cloak)
rCorr  .         Warding  .     (no gloves)
rMut   .         NoTele   +     (no boots)
MR     .....                    (no amulet)
Stlth  +.........               (no ring)
                                (no ring)

@: not resistant to hostile enchantments, very unstealthy
A: unfitting armour, cold-blooded, AC +4
a: Burn Spellbooks, Berserk, Renounce Religion


You were in the Dungeon.
You worshipped Trog.
Trog was aware of your devotion.
You were not hungry.

You visited 1 branch You collected 200 gold pieces.
You spent 120 gold pieces at shops.

Inventory:

Hand weapons
 a - a +0 hand axe
 m - a +0 broad axe (weapon)
Magical devices
 i - a wand of cold (5)
 j - a wand of fire (5)
Scrolls
 h - 4 scrolls of blinking
 k - 3 scrolls of fog
Potions
 c - a potion of curing
 d - 4 potions of heal wounds
 e - 4 potions of haste
 f - 2 potions of magic
 g - a potion of berserk rage
 l - a potion of resistance
Comestibles
 b - a bread ration


   Skills:
 + Level 3.4 Fighting
 + Level 3.1 Axes
 + Level 2.9 Dodging


You couldn't memorise any spells.
You didn't know any spells.

Dungeon Overview and Level Annotations

Branches:
Dungeon (1/1)

Altars:
Cheibriados
Dithmenos
Kikubaaqudgha
Makhleb
Okawaru
Ru
Sif Muna
Trog
Xom
Yredelemnul

Shops:
D *[%?**[(


Innate Abilities, Weirdness & Mutations

Your plain brown scales are hard (AC +4).
Your body does not fit into most forms of armour.
You are cold-blooded and may be slowed by cold attacks.


Message History

The necrophage misses you.
The necrophage hits you but does no damage.
You closely miss the necrophage.
The necrophage is heavily damaged.
The necrophage hits you.
You hit the necrophage but do no damage.
The necrophage is heavily damaged.
The necrophage hits you but does no damage.
The necrophage hits you.
Your flesh rots away!
Your flesh rots away!
You hit the necrophage.
Your tail-slap misses the necrophage.
The necrophage is severely damaged.
The necrophage closely misses you.
You barely miss the necrophage. You tail-slap the necrophage.
The necrophage is almost destroyed.
The necrophage misses you. The necrophage hits you!
* * * LOW HITPOINT WARNING * * *
You completely miss the necrophage.
Your tail-slap misses the necrophage.
The necrophage is severely damaged.
The necrophage hits you.
You die...

###... .### #⌠.....
....⌠# ######.8....
...8.# ##∩__.......#
...... ###∩........8.#
.8.. .
##.............###.. ..
#⌠......n...# #...# ...
#⌠.....@....# #.<.# ...
#⌠..........###...###...
##.............###......
###∩........8.# #.8....
##∩__.......###......
######.8.........8.#
#⌠...........⌠#
###.........###
#_......._#


You could see a necrophage.

Vanquished Creatures
  A quokka skeleton (D)
1 creature vanquished.

Notes
Turn   | Place    | Note
--------------------------------------------------------------
     0 | D        | nuthulu the Draconian Berserker began the quest for the Orb.
     0 | D        | Reached XP level 1. HP: 19/19 MP: 1/1
     1 | D        | Found an ancient bone altar of Kikubaaqudgha.
     1 | D        | Found a sacrificial altar of Ru.
     2 | D        | Found a burning altar of Makhleb.
     2 | D        | Found a deep blue altar of Sif Muna.
     3 | D        | Found a shimmering altar of Xom.
     4 | D        | Found a bloodstained altar of Trog.
     4 | D        | Found Ralu's Weapon Rack.
     4 | D        | Found Qietepoo's Premium Goods.
     5 | D        | Found Ethrill's Basic Armour.
     5 | D        | Found Tob Goom's Miscellaneous Merchandise.
     5 | D        | Round 1.
    12 | D        | Bought a +0 broad axe for 120 gold pieces
    20 | D        | Found a basalt altar of Yredelemnul.
    21 | D        | Found an iron altar of Okawaru.
    21 | D        | Found Sellies's Identification Station.
    22 | D        | Found Pemip's Advanced Armour.
    22 | D        | Found Gaupn's Jewellery.
    23 | D        | Found a shadowy altar of Dithmenos.
    23 | D        | Found a snail-covered altar of Cheibriados.
    23 | D        | Found Fynk's Bee Food.
    23 | D        | Noticed a necrophage
    34 | D        | Slain by a necrophage

Vault maps used:
D:        arena_sprint

Action                   || total
-------------------------++-------
Melee: Broad axe         ||     8
